 Dungeon Crawl Stone Soup version 0.31.0-9-g3a7656b989 (webtiles) character file.

Game seed: 13399248112379431536

123 qw the Shooter (level 4, 0/36 HPs)
             Began as a Demigod Hunter on Feb 2, 2024.
             Succumbed to a water moccasin's poison
             ... on level 3 of the Dungeon.
             The game lasted 00:00:06 (2358 turns).

qw the Shooter (Demigod Hunter)                     Turns: 2358, Time: 00:00:07

Health: 0/36       AC:  5    Str: 12    XL:     4   Next: 51%
Magic:  6/6        EV: 12    Int: 11    God:
Gold:   60         SH:  0    Dex: 21    Spells: 3/3 levels left

rFire   . . .        a - +1 shortbow
rCold   . . .        (shield currently unavailable)
rNeg    . . .        c - +0 leather armour
rPois   .            (no helmet)
rElec   .            h - +1 cloak
rCorr   +            (no gloves)
SInv    .            (no boots)
Will    .....        (no amulet)
Stlth   ++           b - ring of resist corrosion
HPRegen 0.26/turn    (no ring)
MPRegen 0.10/turn

%: no passive effects
@: lethally poisoned (0 -> -14), about to teleport
A: high MP 1, forlorn, divine attributes
a: no special abilities


You were on level 3 of the Dungeon.
You visited 1 branch of the dungeon, and saw 3 of its levels.

You collected 60 gold pieces.


Innate Abilities, Weirdness & Mutations

You have an increased reservoir of magic. (+10% MP)
You shall have no god before yourself.
Your divine heritage dramatically boosts your attributes as you level up.


   Skills:
 - Level 2.0 Fighting
 + Level 5.5 Ranged Weapons
 - Level 2.0 Dodging
 - Level 0.8 Stealth


You had 3 spell levels left.
You didn't know any spells.
Your spell library was empty.

Inventory:

Hand Weapons
 a - a +1 shortbow (weapon)
Armour
 c - a +0 leather armour (worn)
 h - a +1 cloak (worn)
 i - a +0 ring mail
 k - a +0 pair of gloves
Jewellery
 b - a ring of resist corrosion (left hand)
Wands
 e - a wand of charming (8)
Scrolls
 g - a scroll of identify
 j - a scroll of torment {unknown}
Potions
 d - a potion of might

Dungeon Overview and Level Annotations

Branches:
Dungeon (3/15)

Annotations:
D:3 1 runed translucent door, qw's ghost, amateur DjHu


Message History

You shoot an arrow.
The arrow hits the rat but does no damage.
The rat barely misses you.
You shoot an arrow. The arrow barely misses the rat.
The rat closely misses you.
The ribbon worm expels a string of sticky webbing.
The stream of webbing hits you but does no damage.
You are caught in a web!
The web tears apart.
The rat misses you.
The water moccasin bites you but does no damage.
You shoot an arrow. The arrow hits the water moccasin.
The water moccasin is lightly wounded.
The rat barely misses you. The water moccasin barely misses you.
The water moccasin closely misses you. The rat misses you.
You shoot an arrow.
The arrow closely misses the water moccasin.
The water moccasin bites you.
You are poisoned.
The water moccasin poisons you! The rat misses you.
You shoot an arrow. The arrow hits the water moccasin.
The water moccasin is moderately wounded.
You feel very sick. The water moccasin bites you.
You are lethally poisoned!
The water moccasin poisons you! The rat bites you but does no damage.
The water moccasin misses you.
You shoot an arrow. The arrow hits the water moccasin!
The water moccasin is heavily wounded.
You feel extremely sick. The water moccasin misses you.
The rat barely misses you.
The water moccasin bites you but does no damage.
You shoot an arrow. The arrow hits the water moccasin.
The water moccasin is severely wounded.
You feel very sick. The rat closely misses you. The water moccasin bites you.
2358 ||| READING scroll of teleportation.
As you read the scroll of teleportation, it crumbles to dust.
You feel strangely unstable.
You die...

#.## ..PP.~~.
#.... ###
###...#. #....
##PP#. #.... ##
#. #.... #.###.
#.... #.....
###...w #.####
......S###
.#### #r@.#####
##. #..
###.....#####(.
#.#
#####....##.#
#.# ####..#.#
#(# #####..#.#
#.#
#......>..###..
#.....#.^......
#..............
#..........<.).


You could see a water moccasin, a ribbon worm and a rat.

Vanquished Creatures
  An orc wizard (D:3)
  3 adders
  2 dart slugs
  5 orcs (D:3)
  7 endoplasms
  A giant cockroach (D:1)
  2 goblins
  4 hobgoblins
  7 jackals
  3 quokkas
  4 ball pythons
  4 bats (D:1)
  7 frilled lizards
  5 kobolds
  6 rats
61 creatures vanquished.

Notes
Turn   | Place    | Note
-------+----------+-------------------------------------------
     0 | D:1      | qw the Demigod Hunter began the quest for the Orb.
     0 | D:1      | Reached XP level 1. HP: 17/17 MP: 3/3
     0 | D:1      | 0 ||| qw: Version: 0.3-a-155-g5e7d8dd
     0 | D:1      | 0 ||| qw: Game counter: 116
     0 | D:1      | 0 ||| qw: Melee chars always use a shield: true
     0 | D:1      | 0 ||| qw: God list: Okawaru
     0 | D:1      | 0 ||| qw: Allow faded altars: false
     0 | D:1      | 0 ||| qw: Do Orc after clearing Dungeon:15 true
     0 | D:1      | 0 ||| qw: Do second Lair branch before Depths: true
     0 | D:1      | 0 ||| qw: Lair rune preference: random
     0 | D:1      | 0 ||| qw: Goals: Normal
     0 | D:1      | 0 ||| PLANNING D:1-11
   230 | D:1      | Reached skill level 4 in Ranged Weapons
   479 | D:1      | Reached XP level 2. HP: 24/24 MP: 4/4
  1058 | D:1      | 1058 ||| DROPPING scarf of invisibility.
  1059 | D:1      | 1059 ||| READING scroll labelled BIHIEMP XOMYO.
  1060 | D:1      | 1060 ||| READING scroll labelled APTYEQ YGUBBAMUU.
  1061 | D:1      | 1061 ||| READING scroll labelled XYTUUM BUQA.
  1064 | D:1      | 1064 ||| READING scroll labelled ABRUDGH JYWEVOO.
  1064 | D:1      | 1064 ||| ENCHANTING +0 shortbow.
  1065 | D:1      | 1065 ||| DROPPING scroll of butterflies.
  1224 | D:2      | Reached XP level 3. HP: 29/29 MP: 5/5
  1998 | D:2      | 1998 ||| UPGRADING to +1 cloak.
  2003 | D:2      | 2003 ||| UPGRADING to ring of resist corrosion.
  2004 | D:2      | 2004 ||| READING 3 scrolls labelled MERUKA BEJE.
  2004 | D:2      | 2004 ||| IDENTIFYING viscous red potion
  2005 | D:2      | 2005 ||| READING 2 scrolls of identify.
  2005 | D:2      | 2005 ||| IDENTIFYING fizzy green potion
  2006 | D:2      | 2006 ||| DROPPING potion of brilliance.
  2096 | D:3      | Reached skill level 5 in Ranged Weapons
  2161 | D:3      | Reached XP level 4. HP: 21/36 MP: 6/6
  2292 | D:3      | Noticed qw's ghost (amateur DjHu)
  2299 | D:3      | Found a runed translucent door.
  2348 | D:3      | Noticed a water moccasin
  2357 | D:3      | HP: 9/36 [poisoned by a water moccasin]
  2357 | D:3      | HP: 4/36 [water moccasin (5)]
  2358 | D:3      | 2358 ||| READING scroll of teleportation.
  2358 | D:3      | Succumbed to a water moccasin's poison

Levels and vault maps discovered:
D:1:      dpeg_arrival_chambers_temple_mockup, layout_basic, minmay_statues_item
D:2:      layout_basic, chequers_serial_rivers_micro_b,
          chequers_serial_rivers_micro_e
D:3:      layout_basic, hellmonk_ghost_happy_afterlife,
          shapermc_ecumenical_altar_hornbeckon, minmay_misc_feat_five,
          minmay_distorted

Skill      XL: |  1  2  3 |
---------------+----------+-----
Ranged Weapons | 4 5 |  5.5
Fighting       | 2 |  2.0
Dodging        | 2 |  2.0
Stealth        | |  0.8

Action                     |  1- 3 |  4- 6 || total
---------------------------+-------+-------++-------
   Fire: Shortbow          |   123 |    23 ||   146
    Use: Scroll            |     6 |     1 ||     7
 Armour: Leather armour    |    20 |     7 ||    27
  Dodge: Dodged            |    21 |    12 ||    33

Table legend:
 A = Non-vault XP
 B = Vault XP
 C = Vault XP percentage of total XP
 D = Non-vault monster count
 E = Vault monster count
 F = Vault count percentage of total count
                 A         B        C        D         E       F
            +---------+---------+-------+---------+---------+-------
      Total |     173 |       3 |   1.7 |      59 |       2 |   3.3
            +---------+---------+-------+---------+---------+-------
        D:1 |      35 |       0 |   0.0 |      20 |       0 |   0.0
        D:2 |      54 |       0 |   0.0 |      25 |       0 |   0.0
        D:3 |      84 |       3 |   3.4 |      14 |       2 |  12.5
            +---------+---------+-------+---------+---------+-------
